 Dungeon Crawl Stone Soup version 0.22-a0-567-gff9aefc (webtiles) character file.

96 pk666 the Magician (level 4, -7/24 HPs)
             Began as a Deep Elf Fire Elementalist on June 29, 2018.
             Killed from afar by an orc wizard (8 damage)
             ... with a puff of frost
             ... on level 2 of the Dungeon.
             The game lasted 00:05:20 (1898 turns).

pk666 the Magician (Deep Elf Fire Elementalist)     Turns: 1898, Time: 00:05:20

Health: -7/24      AC:  2    Str:  5    XL:     4   Next: 41%
Magic:  2/12       EV: 13    Int: 21    God:
Gold:   83         SH:  0    Dex: 15    Spells: 7/11 levels left

rFire    . . .     SeeInvis .   (no weapon)
rCold    . . .     Gourm    .   (no shield)
rNeg     . . .     Faith    .   a - +0 robe
rPois    .         Spirit   .   (no helmet)
rElec    .         Reflect  .   (no cloak)
rCorr    .         Harm     .   (no gloves)
MR       .....                  (no boots)
Stlth    ++........             (no amulet)
HPRegen  0.08/turn              (no ring)
MPRegen  0.13/turn              (no ring)

@: very slightly contaminated
A: no striking features
a: no special abilities


You were on level 2 of the Dungeon.
You were not hungry.

You visited 1 branch of the dungeon, and saw 2 of its levels.

You collected 83 gold pieces.

Inventory:

Armour
 a - a +0 robe (worn)
Jewellery
 l - an uncursed amulet of faith {unknown}
Scrolls
 b - a scroll of magic mapping {unknown}
 g - 2 scrolls of teleportation {unknown}
 h - a scroll of identify {unknown}
 i - a scroll of amnesia {unknown}
 j - 2 scrolls of remove curse {unknown}
 k - a scroll of enchant armour {unknown}
Potions
 d - a potion of heal wounds {unknown}
 e - a potion of degeneration {unknown}
 f - a potion of magic {unknown}
Comestibles
 c - 2 rations


   Skills:
 - Level 2.4 Dodging
 - Level 2.4 Stealth
 + Level 4.1 Spellcasting
 * Level 3.4 Conjurations
 + Level 4.0 Fire Magic


You had 7 spell levels left.
You knew the following spells:

 Your Spells              Type           Power        Failure   Level  Hunger
a - Flame Tongue          Conj/Fire      ###..        2%          1    None
c - Conjure Flame         Conj/Fire      ###.....     8%          3    ###....

Your spell library contained the following spells:

 Spells                   Type           Power        Failure   Level  Hunger
 Fireball                 Conj/Fire      ###.......   56%         5    ######.
 Throw Flame              Conj/Fire      ###...       3%          2    #......
 Sticky Flame             Conj/Fire      ###.....     26%         4    ####...
 Inner Flame              Hex/Fire       ##......     16%         3    ###....


Dungeon Overview and Level Annotations

Branches:
Dungeon (2/15)

Altars:


Message History

Aiming: Flame Tongue (safe; 2% risk of failure)
Press: ? - help, Shift-Dir - straight line, f - orc wizard
Aim: an orc wizard, wielding a dagger and wearing a robe The flame tongue hits the orc wizard.
The orc wizard is moderately wounded.
Casting: Flame Tongue (safe; 2% risk of failure)
Confirm with . or Enter, or press ? or * to list all spells.
Aiming: Flame Tongue (safe; 2% risk of failure)
Press: ? - help, Shift-Dir - straight line, f/p - orc wizard
Aim: an orc wizard, wielding a dagger and wearing a robe (moderately wounded)
The flame tongue hits the orc wizard.
The orc wizard is severely wounded.
The orc wizard mumbles some strange words.
The orc wizard blinks!
The orc wizard points at you and mumbles some strange words.
The puff of frost hits you!
* * * LOW HITPOINT WARNING * * *
The orc wizard casts a spell at you. The puff of frost hits you!
You die...

..# ..# ..#
#ยง# ..# #.#
.## #w# .# #.#
.. #.# ... #o#
... #.# ##
##@## #...#
####...#
#......#
##.##...#
#.####..######
#........#
..######.##
#..#


You could see a worm and an orc wizard.

Vanquished Creatures
  An orc priest (D:2)
  2 adders (D:2)
  A worm (D:2)
  2 giant cockroaches (D:1)
  9 goblins
  4 hobgoblins
  4 jackals (D:1)
  3 ball pythons
  4 bats (D:1)
  12 frilled lizards
  6 kobolds
  3 rats (D:1)
51 creatures vanquished.

Vanquished Creatures (others)
  7 toadstools (D:1)
7 creatures vanquished.

Grand Total: 58 creatures vanquished

Notes
Turn   | Place    | Note
-------+----------+-------------------------------------------
     0 | D:1      | pk666 the Deep Elf Fire Elementalist began the quest for the Orb.
     0 | D:1      | Reached XP level 1. HP: 10/10 MP: 6/6
   290 | D:1      | Reached XP level 2. HP: 15/15 MP: 5/8
   710 | D:1      | Reached XP level 3. HP: 19/19 MP: 6/10
  1827 | D:2      | Learned a level 3 spell: Conjure Flame
  1838 | D:2      | Reached XP level 4. HP: 21/24 MP: 5/11
  1897 | D:2      | HP: 1/24 [orc wizard/puff of frost (9)]
  1898 | D:2      | Killed from afar by an orc wizard

Vault maps used:
D:1:      nagdon_arrival_double_spiral, minmay_lizard_pond
D:2:      kennysheep_small_spiral, grunt_dithmenos_smoke

Skill      XL: |  1  2  3  4 |
---------------+-------------+-----
Conjurations   | 2 3 |  3.4
Spellcasting   | 4 |  4.1
Fire Magic     | 4 |  4.0
Dodging        | |  2.4
Stealth        | |  2.4

Action                   |  1- 3 |  4- 6 || total
-------------------------+-------+-------++-------
Melee: Unarmed           |     2 |       ||     2
 Cast: Flame Tongue      |    82 |    10 ||    92
  Eat: Chunk             |     3 |       ||     3
Armor: Robe              |     3 |       ||     3
Dodge: Dodged            |    32 |     2 ||    34

Table legend:
 A = Spawn XP
 B = Non-spawn XP
 C = Spawn XP percentage of total XP
 D = Spawn monster count
 E = Non-spawn monster count
 F = Spawn count percentage of total count
 G = Total turns spent on level
                    A         B        C        D         E        F      G
               +---------+---------+-------+---------+---------+-------+---------
         Total |       0 |     138 |   0.0 |       0 |      51 |   0.0 |  1898
               +---------+---------+-------+---------+---------+-------+---------
           D:1 |       0 |      57 |   0.0 |       0 |      41 |   0.0 |  1317
           D:2 |       0 |      81 |   0.0 |       0 |      10 |   0.0 |   581
               +---------+---------+-------+---------+---------+-------+---------
